 Dungeon Crawl Stone Soup version 0.19.0-19-g8c6edcc (webtiles) character file.

226 Millan the Chopper (level 5, -4/46 HPs)
             Began as a Minotaur Gladiator on Nov 12, 2016.
             Was an Initiate of Ashenzari.
             Slain by Sigmund
             ... wielding a +0 scythe of protection
              (9 damage)
             ... on level 3 of the Dungeon.
             The game lasted 00:03:45 (2698 turns).

Millan the Chopper (Minotaur Gladiator)             Turns: 2698, Time: 00:03:45

Health: -4/46      AC:  5    Str: 25 (26) XL:     5   Next: 69%
Magic:  4/4        EV: 12    Int:  3 (5)  God:    Ashenzari [......]
Gold:   142        SH:  0    Dex:  9 (10) Spells: 0 memorised, 4 levels left

rFire  + . .     SeeInvis .     a - +0 war axe
rCold  . . .     Gourm    .     y - +0 ring mail
rNeg   . . .     Faith    .     (no shield)
rPois  .         Spirit   .     c - +0 hat
rElec  .         Reflect  .     (no cloak)
rCorr  .         Harm     .     (no gloves)
MR     .....                    (no boots)
Stlth  ..........               (no amulet)
                                (no ring)
                                o - ring of protection from fire

@: confused, mighty, lethally poisoned (-4 -> -5)
A: retaliatory headbutt, horns 2
a: Curse Item, Renounce Religion


You were on level 3 of the Dungeon.
You worshipped Ashenzari.
Ashenzari was noncommittal.
You were not hungry.

You visited 1 branch of the dungeon, and saw 3 of its levels.

You collected 142 gold pieces.

Inventory:

Hand Weapons
 a - a +0 war axe (weapon)
Missiles
 d - 3 throwing nets (quivered)
Armour
 c - a +0 hat (worn)
 y - a +0 ring mail (worn)
Jewellery
 o - a ring of protection from fire (left hand)
Scrolls
 e - 6 scrolls of identify {unknown}
 g - a scroll of enchant armour {unknown}
 i - 2 scrolls of enchant weapon {unknown}
 l - a scroll of remove curse
 m - a scroll of recharging {unknown}
 n - a scroll of magic mapping {unknown}
 r - 2 scrolls of immolation {unknown}
 s - a scroll of teleportation {unknown}
 u - a scroll of amnesia {unknown}
Potions
 j - a potion of degeneration
 t - a potion of curing {unknown}
 x - a potion of flight {unknown}
Books
 v - a book of Changes

   Spells                             Type                      Level
   a - Beastly Appendage              Transmutation                1
   b - Sticks to Snakes               Transmutation                2
   c - Spider Form                    Transmutation/Poison         3
   d - Ice Form                       Ice/Transmutation            4
   e - Blade Hands                    Transmutation                5
Comestibles
 f - 2 bread rations
 h - 2 slices of pizza
 k - a meat ration
 p - a royal jelly
 w - 4 chunks of flesh


   Skills:
 + Level 4.0 Fighting
 * Level 6.1 Axes
 - Level 2.0 Throwing
 + Level 3.1 Armour
 - Level 3.2 Dodging


You had 4 spell levels left.
You didn't know any spells.

Dungeon Overview and Level Annotations

Branches:
Dungeon (3/15)

Altars:
Ashenzari
Okawaru
Ru

Annotations:
D:3 Sigmund


Innate Abilities, Weirdness & Mutations

You reflexively headbutt those who attack you in melee.
You have a pair of horns on your head.


Message History

You kill the giant cockroach!
You feel sick.
The quokka bites you but does no damage.
The quokka misses you.
You closely miss the quokka. Something hits you. The quokka barely misses you.
You furiously retaliate!
You headbutt the quokka!
You kill the quokka!
The kobold closely misses you. Something hits you!
You see here an adder corpse.
You hit the kobold.
You kill the kobold!
You miss something.
You feel sick. Something hits you!
* * * LOW HITPOINT WARNING * * *
You see here an uncursed short sword.
You hear some strange, mumbled words.
You are confused.
It was a potion of ambrosia.
You are more confused.
You feel invigorated.
You feel sick. Something hits you!
You die...

#. #.#
#####.#
#.#.....#
#....)#######
+(..........#
#.....#####.#
#....<#
#..†#######
#.....#
#.#){......
#.....#
#..@.......
#......
###........
#......
#........
#.....
#........
###......
...... ......
......


There were no monsters in sight!

Vanquished Creatures
  An orc wizard (D:2)
  Ijyb (D:3)
  3 gnolls (D:3)
  6 adders
  3 worms (D:2)
  2 dart slugs
  A leopard gecko (D:1)
  3 orcs (D:3)
  2 giant cockroaches
  7 goblins
  6 hobgoblins
  7 jackals
  3 quokkas (D:3)
  3 ball pythons
  5 bats
  6 frilled lizards
  8 kobolds
  7 rats
74 creatures vanquished.

Vanquished Creatures (others)
  2 fungi (D:3)
2 creatures vanquished.

Grand Total: 76 creatures vanquished

Notes
Turn   | Place    | Note
-------+----------+-------------------------------------------
     0 | D:1      | Millan the Minotaur Gladiator began the quest for the Orb.
     0 | D:1      | Reached XP level 1. HP: 18/18 MP: 0/0
    62 | D:1      | Reached skill level 1 in Armour
    62 | D:1      | Reached XP level 2. HP: 15/25 MP: 1/1
    64 | D:1      | Reached skill level 4 in Axes
   486 | D:1      | Found an iron altar of Okawaru.
   813 | D:1      | Reached XP level 3. HP: 28/30 MP: 2/2
  1215 | D:2      | Found a sacrificial altar of Ru.
  1223 | D:2      | Reached XP level 4. HP: 38/38 MP: 3/3
  1377 | D:2      | Reached skill level 5 in Axes
  2427 | D:3      | Reached XP level 5. HP: 37/46 MP: 4/4
  2506 | D:3      | Noticed Ijyb
  2513 | D:3      | Killed Ijyb
  2556 | D:3      | Found a shattered altar of Ashenzari.
  2560 | D:3      | Saw a vision of the Swamp and the Snake Pit.
  2560 | D:3      | Noticed a naga
  2560 | D:3      | Noticed a water moccasin
  2560 | D:3      | Noticed a water moccasin
  2560 | D:3      | Noticed a swamp drake
  2561 | D:3      | Noticed a black mamba
  2562 | D:3      | Noticed a black mamba
  2565 | D:3      | Became a worshipper of Ashenzari the Shackled
  2579 | D:3      | Reached skill level 6 in Axes
  2682 | D:3      | Noticed Sigmund
  2695 | D:3      | HP: 2/46 [something (13)]
  2698 | D:3      | Slain by Sigmund

Skill      XL: |  1  2  3  4  5 |
---------------+----------------+-----
Armour         | 1 2 3 |  3.1
Axes           | 4 5 6 |  6.1
Fighting       | 3 4 |  4.0
Throwing       | |  2.0
Dodging        | |  3.2

Action                   |  1- 3 |  4- 6 || total
-------------------------+-------+-------++-------
Melee: War axe           |    50 |    88 ||   138
       Headbutt          |     3 |    20 ||    23
  Use: Potion            |       |     3 ||     3
 Stab: Sleeping          |     1 |       ||     1
       Paralysed         |       |     1 ||     1
  Eat: Chunk             |     1 |     5 ||     6
Armor: Leather armour    |    11 |    16 ||    27
       Ring mail         |       |    12 ||    12
Dodge: Dodged            |    35 |    73 ||   108
